 Dungeon Crawl Stone Soup version 0.27-a0-1119-gbf574a6a6b (webtiles) character file.

Game seed: 16727909663387510900

19 Zeld the Skirmisher (level 2, -3/21 HPs)
             Began as an Octopode Fighter on May 2, 2021.
             Slain by a water moccasin (10 damage)
             ... on level 4 of the Dungeon.
             The game lasted 00:01:10 (574 turns).

Zeld the Skirmisher (Octopode Fighter)               Turns: 574, Time: 00:01:11

Health: -3/21      AC:  1    Str: 15    XL:     2   Next: 75%
Magic:  2/2        EV: 11    Int: 10    God:
Gold:   10         SH:  8    Dex: 11    Spells: 1/1 levels left

rFire    . . .     SeeInvis .   a - +0 war axe
rCold    . . .     Faith    .   b - +0 kite shield
rNeg     . . .     Spirit   .   (helmet restricted)
rPois    .         Reflect  .   (no amulet)
rElec    .         Harm     .   (no ring)
rCorr    .         Rampage  .   (no ring)
Will     .....                  (no ring)
Stlth    ++........             (no ring)
HPRegen  0.07/turn              (no ring)
MPRegen  0.08/turn              (no ring)
                                (no ring)
                                (no ring)

@: no status effects
A: almost no armour, amphibious, 8 rings, camouflage 1, gelatinous body 1,
(nimble swimmer 1), tentacles
a: no special abilities


You were on level 4 of the Dungeon.
You visited 1 branch of the dungeon, and saw 4 of its levels.

You collected 10 gold pieces.

Inventory:

Hand Weapons
 a - a +0 war axe (weapon)
Armour
 b - a +0 kite shield (worn)
Scrolls
 e - a scroll of noise {unknown}
 f - a scroll of teleportation {unknown}
 h - a scroll of identify {unknown}
Potions
 c - a potion of might
 d - a potion of lignification {unknown}


   Skills:
 * Level 3.3 Fighting
 * Level 2.4 Axes
 - Level 3.0 Dodging
 * Level 3.3 Shields


You had one spell level left.
You didn't know any spells.
Your spell library contained the following spells:

 Spells                   Type           Power      Damage    Failure   Level
 Animate Skeleton         Necr           0%         N/A       86%         1
 Beastly Appendage        Tmut           0%         N/A       86%         1
 Pain                     Necr           0%         1d4       86%         1
 Wereblood                Tmut           0%         N/A       95%         2
 Spider Form              Tmut/Pois      0%         N/A       99%         3
 Vampiric Draining        Necr           0%         2d6       99%         3
 Animate Dead             Necr           0%         N/A       100%        4
 Ice Form                 Ice/Tmut       0%         N/A       100%        4
 Agony                    Necr           0%         N/A       100%        5
 Hydra Form               Tmut           0%         N/A       100%        5


Dungeon Overview and Level Annotations

Branches:
Dungeon (4/15)
 Temple: D:4-7

Altars:


Innate Abilities, Weirdness & Mutations

You cannot wear most types of armour.
You are amphibious.
You can wear up to eight rings at the same time.
Your skin changes colour to match your surroundings (Stealth+).
Your rubbery body absorbs attacks. (AC +1, EV +1)
((You are camouflaged near water. (Stealth+)))
You have tentacles for arms and can constrict up to eight enemies at once.


Message History

There is an open door here.
A rat comes into view.
You see here a viscous green potion.
A rat is nearby!
The helpless rat fails to defend itself.
You hit the rat but do no damage. You grab the rat. You constrict the rat.
You block the rat's attack. The rat misses you.
You hit the rat.
You kill the rat!
d - a viscous green potion You open the door.
Found a stone staircase leading down.
There is an open door here.
Found a stone staircase leading up.
There is a stone staircase leading down here.
You climb downwards.
There is a stone staircase leading up here.
You open the door.
There is an open door here.
A quokka comes into view.
A quokka is nearby!
A quokka is nearby!
The quokka closely misses you.
You slash the quokka!
You kill the quokka!
No target in view!
You see here a quokka corpse.
Key pressed, stopping explore.
No target in view!
A water moccasin comes into view.
The water moccasin hisses angrily.
A water moccasin is nearby!
The water moccasin bites you.
You miss the water moccasin. Your grab misses the water moccasin.
You block the water moccasin's attack.
The water moccasin bites you but does no damage.
You closely miss the water moccasin. Your grab misses the water moccasin.
The water moccasin completely misses you.
The water moccasin bites you! x2
You die...

##########
#.@S.....#
#.######.# #.# #.#
### #.#
####.#######.## #.#
#.....†.......#
#.###.##.#####.....
#.........# ##....
##.##.###.# ##.##
#.##.# #.# #.#


You could see a water moccasin.

Vanquished Creatures
  A dart slug (D:2)
  An endoplasm (D:1)
  A giant cockroach (D:3)
  4 goblins
  A hobgoblin (D:1)
  A kobold (D:2)
  A quokka (D:4)
  A ball python (D:1)
  2 bats (D:1)
  A frilled lizard (D:1)
  3 rats
17 creatures vanquished.

Notes
Turn   | Place    | Note
-------+----------+-------------------------------------------
     0 | D:1      | Zeld the Octopode Fighter began the quest for the Orb.
     0 | D:1      | Reached XP level 1. HP: 16/16 MP: 1/1
   313 | D:1      | Reached XP level 2. HP: 20/21 MP: 2/2
   571 | D:4      | Noticed a water moccasin
   574 | D:4      | Slain by a water moccasin

Illustrated notes

Levels and vault maps discovered:
D:1:      dpeg_arrival_subterranean_lakeside_camping, layout_loops_ring,
          minivault_24
D:2:      kennysheep_big_flooded_room, layout_basic
D:3:      layout_basic, serial_shops, nicolae_shop_waterfront
D:4:      layout_loops_corners, cheibriados_altar_1, tgw_sif,
          general_overflow_altar, minmay_temple_entry_antechambers,
          gammafunk_ghost_grave, uniq_edmund

Action                   || total
-------------------------++-------
Melee: War axe           ||    27
       Constrict         ||    10
       Tentacles         ||     5
 Stab: Sleeping          ||     5
Armor: Skin              ||     5
Dodge: Dodged            ||    12
Block: Kite shield       ||     8

Table legend: (Time is in decaauts)
 A = Elapsed time spent in this place.
 B = Non-inter-level travel time spent in this place.
 C = Inter-level travel time spent in this place.
 D = Time resting spent in this place.
 E = Time spent auto-exploring this place.
 F = Levels seen in this place.
 G = Mean time per level.
                   A        B        C        D        E       F      G
               +--------+--------+--------+--------+--------+-----+--------+
         Total |    587 |    557 |     30 |      0 |    375 |   4 |  146.8 |
       Dungeon |    587 |    557 |     30 |      0 |    375 |   4 |  146.8 |
               +--------+--------+--------+--------+--------+-----+--------+

Top non-repeatable levels by time:
     D:1: 347 daAuts
     D:2: 111 daAuts
     D:3: 88 daAuts
     D:4: 40 daAuts
